 Dungeon Crawl Stone Soup version 0.31.0-32-g396128a36d (webtiles) character file.

Game seed: 8944426216883185244

86314 SilentButDeadly the Grappler (level 15, -5/135 HPs)
             Began as an Octopode Shapeshifter on Mar 29, 2024.
             Was an Initiate of Gozag.
             Slain by a bone dragon (16 damage)
             ... on level 3 of the Abyss on Mar 30, 2024.
             The game lasted 00:42:43 (24178 turns).

SilentButDeadly the Grappler (OpSh)                Turns: 24178, Time: 00:42:43

Health: -5/135     AC: 19    Str: 18    XL:     15   Next: 86%
Magic:  19/19      EV: 15    Int: 26    God:    Gozag
Gold:   5319       SH:  0    Dex: 18    Spells: 12/20 levels left

rFire   + .          .
                       - Unarmed
rCold   + + .        (shield currently unavailable)
rNeg    + . .        (helmet currently unavailable)
rPois   +            P - amulet of regeneration
rElec   .            D - +6 ring of dexterity
rCorr   .            F - ring of protection from fire
SInv    +            Z - ring of wizardry
Will    +....        T - +4 ring of protection
Stlth   +++          I - +6 ring of intelligence
HPRegen 1.22/turn    t - +4 ring of protection
MPRegen 0.16/turn    C - ring of protection from cold
                     G - ring "Jootz" {rC+ rN+ SInv}

%: wizardry (x1)
@: snake-form
A: constrict, boosted hp, almost no armour, amphibious, 8 rings, large,
(camouflage 1), (gelatinous body 1), (nimble swimmer 1), (tentacles)
a: Begin Untransformation, Renounce Religion, Potion Petition, Call Merchant,
Bribe Branch


You were on level 3 of the Abyss.
You worshipped Gozag.
Gozag was greatly pleased with you.
You were an enormous serpent.
You visited 3 branches of the dungeon, and saw 21 of its levels.
You visited the Abyss 1 time.
You also visited: Bailey and Ice Cave.

You collected 6134 gold pieces.
You spent 611 gold pieces at shops.
You paid 204 gold pieces to Gozag.


Innate Abilities, Weirdness & Mutations

You are an enormous serpent.
You have a powerful constriction melee attack.
Your maximum health is increased.
Your armour is entirely melded.
You are incapable of wielding weapons or throwing items.
You cannot wear most types of armour.
You are amphibious.
You can wear up to eight rings at the same time.
((Your skin changes colour to match your surroundings (Stealth+).))
((Your rubbery body absorbs attacks. (AC +1, EV +1)))
((You are camouflaged when in or above water. (Stealth+)))
((You have tentacles for arms and can constrict up to eight enemies at once.))


   Skills:
 - Level 14.0 Fighting
 - Level 10.0 Dodging
 - Level 4.0 Stealth
 - Level 14.0 Unarmed Combat
 - Level 3.0 Spellcasting
 - Level 7.0 Necromancy
 + Level 6.2 Earth Magic
 - Level 6.0 Evocations
 - Level 13.0 Shapeshifting


You had 12 spell levels left.
You knew the following spells:

 Your Spells              Type           Power      Damage    Failure   Level
b - Borgnjor's Vile Clut  Necr/Erth      19%        N/A       7%          5
f - Fugue of the Fallen   Necr           40%        N/A       1%          3

Your spell library contained the following spells:

 Spells                   Type           Power      Damage    Failure   Level
 Passwall                 Erth           36%        N/A       1%          3
 Vampiric Draining        Necr           40%        2d8       1%          3
 Freeze                   Ice            12%        1d3       4%          1
 Slow                     Hex            12%        N/A       4%          1
 Ensorcelled Hibernation  Hex/Ice        6%         N/A       6%          2
 Anguish                  Hex/Necr       11%        N/A       9%          4
 Lee's Rapid Deconstruct  Erth           18%        3d11*     9%          5
 Leda's Liquefaction      Alch/Erth      10%        N/A       11%         4
 Petrify                  Alch/Erth      20%        N/A       11%         4
 Call Canine Familiar     Summ           3%         N/A       12%         3
 Confusing Touch          Hex            3%         N/A       12%         3
 Frozen Ramparts          Ice            6%         1d1       12%         3
 Gell's Gravitas          Tloc           3%         N/A       12%         3
 Hailstorm                Conj/Ice       3%         3d5       12%         3
 Sigil of Binding         Hex            3%         N/A       12%         3
 Teleport Other           Tloc           3%         N/A       12%         3
 Death Channel            Necr           20%        N/A       32%         6
 Dimensional Bullseye     Hex/Tloc       1%         N/A       34%         4
 Ignite Poison            Fire/Alch      3%         N/A       34%         4
 Manifold Assault         Tloc           3%         N/A       34%         4
 Passage of Golubria      Tloc           3%         N/A       34%         4
 Sticky Flame             Fire/Alch      3%         2d4       34%         4
 Summon Lightning Spire   Summ/Air       3%         N/A       34%         4
 Metabolic Englaciation   Hex/Ice        1%         N/A       67%         5
 Silence                  Hex/Air        1%         N/A       67%         5
 Summon Forest            Summ/Tloc      1%         N/A       67%         5
 Summon Mana Viper        Hex/Summ       3%         N/A       67%         5
 Dispersal                Tloc           1%         N/A       99%         6
 Summon Cactus Giant      Summ           1%         N/A       99%         6
 Ignition                 Fire           1%         3d3       100%        8
 Infestation              Necr           20%        N/A       100%        8
 Lehudib's Crystal Spear  Conj/Erth      10%        10d4      100%        8
 Animate Dead             Necr           Unusable   N/A       N/A         4
 Animate Armour           Summ/Erth      Unusable   N/A       N/A         4

Inventory:

Hand Weapons
 n - a +3 dagger of draining
Missiles
 m - 56 poisoned darts (quivered)
 H - 6 throwing nets {=f}
Jewellery
 t - a +4 ring of protection (on tentacle)
 C - a ring of protection from cold (on tentacle)
 D - a +6 ring of dexterity (left tentacle)
 F - a ring of protection from fire (right tentacle)
 G - the ring "Jootz" (on tentacle) {rC+ rN+ SInv}
   (You found it on level 5 of the Lair of Beasts)

   [ring of positive energy]

   rC+:       It protects you from cold.
   rN+:       It protects you from negative energy.
   SInv:      It lets you see invisible.
 I - a +6 ring of intelligence (on tentacle)
 L - a ring of flight
 N - a ring of positive energy
 P - an amulet of regeneration (around neck)
 T - a +4 ring of protection (on tentacle)
 Z - a ring of wizardry (on tentacle)
Talismans
 q - a serpent talisman (active)
 x - a storm talisman
Wands
 c - a wand of roots (19)
 r - a wand of polymorph (6)
 y - a wand of light (11)
 z - a wand of mindburst (8)
 J - a wand of flame (54)
 O - a wand of paralysis (12)
 R - a wand of digging (9)
Scrolls
 f - 5 scrolls of fog
 g - a scroll of enchant armour
 h - 3 scrolls of fear
 i - 11 scrolls of teleportation {@r2}
 j - 3 scrolls of vulnerability
 u - 9 scrolls of enchant weapon
 v - 2 scrolls of immolation
 Q - 2 scrolls of revelation
 S - a scroll of torment
Potions
 a - 2 potions of lignification
 b - 3 potions of might
 d - 2 potions of attraction {unknown}
 e - 4 potions of cancellation {unknown}
 k - 3 potions of enlightenment
 l - 5 potions of invisibility
 o - 4 potions of mutation
 s - 3 potions of brilliance
 w - 3 potions of resistance {unknown}
 A - 6 potions of curing {@q1}
 B - a potion of ambrosia
 K - 3 potions of berserk rage {unknown}
Miscellaneous
 E - a sack of spiders

Dungeon Overview and Level Annotations

Branches:
Dungeon (15/15)            Temple (1/1) D:6            Lair (5/5) D:10
  Swamp (0/4) Lair:2       Spider (0/4) Lair:3        Slime (0/5) Lair:5
    Orc (0/2) D:11         Vaults (0/5) D:13         Bailey (visited)
  IceCv (visited)
 Depths: D:15

Altars:
Ashenzari
Cheibriados
Dithmenos
Elyvilon
Fedhas
Gozag
Hepliaklqana
Kikubaaqudgha
Makhleb
Nemelex Xobeh
Okawaru
Qazlal
Ru
Sif Muna
Trog
Uskayaw
Vehumet
Wu Jian
Xom
Yredelemnul
Zin
The Shining One
Jiyva

Shops:
D:3 (   D:5 *!   D:7 =

Annotations:
D:14 4 transporters
D:15 Louise

░░░ .. ░░..▒▒ ▒
▒.░ ....▒.▓ ▓ ▒..
#......▓.▒..▒
#....▓..▒..# ##
## ##....▓..
░......##..▓.▒
...# ..▒ .#SD# #
▒ .##.....▒...#
▒.#.
#..##.▒▓#.#.# ..
......... ... . .
......... .. ..
.. ...... ....##8
.................
... ......... ...
..... . .##. ##


You could see a bone dragon.


Message History

* * * LOW HITPOINT WARNING * * *
The bone dragon claws you but does no damage.
The bone dragon barely misses you.
Unknown command.
You lash the bone dragon!
The bone dragon is almost destroyed.
The bone dragon bites you!!
* * * LOW HITPOINT WARNING * * *
The bone dragon claws you but does no damage.
The bone dragon tramples you.
* * * LOW HITPOINT WARNING * * *
You hold your ground!
You lash the bone dragon!
The bone dragon is almost destroyed.
The bone dragon barely misses you. The bone dragon claws you.
* * * LOW HITPOINT WARNING * * *
The bone dragon tramples you but does no damage.
You hit the bone dragon but do no damage.
The bone dragon is almost destroyed.
Unknown command.
You hit the bone dragon.
The bone dragon is almost destroyed.
The bone dragon misses you. x2; The bone dragon tramples you.
* * * LOW HITPOINT WARNING * * *
You hold your ground!
You hit the bone dragon.
The bone dragon is almost destroyed.
The bone dragon bites you!
You die...
Your body crumbles into a pile of gold.

Skill      XL: |  1  2  3  4  5  6  7  8  9 10 11 12 13 14 15 |
---------------+----------------------------------------------+-----
Fighting       | 2 3 4 5 6 7 8 10 11 12 13 14 | 14.0
Shapeshifting  | 4 7 10 11 12 13 | 13.0
Stealth        | 2 3 4 |  4.0
Dodging        | 3 5 6 9 10 | 10.0
Necromancy     | 3 5 7 |  7.0
Unarmed Combat | 5 7 10 11 12 13 14 | 14.0
Spellcasting   | 1 3 |  3.0
Evocations     | 3 4 5 6 |  6.0
Earth Magic    | 6 |  6.2

Action                     |  1- 3 |  4- 6 |  7- 9 | 10-12 | 13-15 || total
---------------------------+-------+-------+-------+-------+-------++-------
  Melee: Unarmed           |    54 |       |   208 |   487 |  1106 ||  1855
         Constrict         |    20 |    19 |    66 |    95 |   234 ||   434
         Tentacles         |    14 |    12 |    91 |    34 |       ||   151
         Punch             |     4 |     1 |     1 |       |       ||     6
         Dagger            |    19 |    76 |    54 |     7 |       ||   156
         Maw               |       |       |       |     1 |       ||     1
  Throw: Dart              |       |       |     4 |       |       ||     4
   Cast: Fugue of the Fall |       |       |     9 |    15 |    38 ||    62
         Borgnjor's Vile C |       |       |       |       |     1 ||     1
  Evoke: Wand              |       |       |     3 |     1 |     4 ||     8
    Use: Potion            |       |       |     2 |     3 |     7 ||    12
         Scroll            |       |       |       |     6 |    20 ||    26
   Stab: Sleeping          |     6 |    12 |     4 |     5 |     8 ||    35
         Distracted        |       |     1 |       |     2 |     3 ||     6
 Armour: Skin              |    30 |    26 |   116 |   326 |   844 ||  1342
  Dodge: Dodged            |    29 |    27 |   172 |   287 |   824 ||  1339
   Form: Flux              |       |       |     1 |       |       ||     1
         Serpent           |       |       |       |     1 |       ||     1
         Maw               |       |       |       |     1 |       ||     1

Levels and vault maps discovered:
D:1:      tarquinn_simple_flora_water_f, layout_rooms
D:2:      layout_basic, nicolae_ecumenical_pavilion, chequers_avenue,
          uniq_jessica
D:3:      layout_basic, serial_shops, nicolae_shop_bloodbath_and_beyond,
          uniq_terence
D:4:      layout_basic, mainiacjoe_overflow_tiny_flanked
D:5:      layout_basic, zin_purify, serial_shops, kennysheep_mini,
          kennysheep_generic_room_15, uniq_grinder
D:6:      layout_rooms, minmay_temple_entry_gardened_gates, serial_undead,
          serial_undead_d, serial_undead_d, serial_undead_d, serial_undead_c,
          grunt_ministairs_5, nicolae_kite_square_tiling_tiny
D:7:      layout_loops_ring, general_overflow_altar,
          nicolae_overflow_crystal_walls, serial_shops, shop, nrook_mini_vaults,
          ebering_dispersal_statue_hall
D:8:      layout_basic, enter_bailey_3, glass_columns_a, uniq_psyche
D:9:      layout_loops_ring, nicolae_hepliaklqana_monster_ancestors
D:10:     layout_roguey, nicolae_ru_sacrificial_ziggurat,
          minmay_lair_entry_grove
D:11:     layout_roguey [special_room_orc], orc_0_dummy
D:12:     layout_loops_ring, portal_ice_cave_entry_ice_simulacra
D:13:     layout_grid_maze, hangedman_vaults_entry_quadrant_bands
D:14:     layout_long_grid, nicolae_two_hexagons, grunt_decor_one_mirror,
          hangedman_decor_clover_reticule, nicolae_diode_quadrants, uniq_lodul
D:15:     grunt_enter_depths_snipers, layout_grid_maze, uniq_louise
Temple:   nicolae_temple_superstar
Lair:1:   layout_regular_city
Lair:2:   layout_chaotic_city, palyth_hydra_swamp_entry, fungi_pond_lemuel
Lair:3:   layout_cave_pods, spider_nest_entry_webs
Lair:4:   layout_long_grid, grunt_megastairs_5
Lair:5:   gammafunk_lair_ancient_temple, layout_gridlike, slime_entry_1,
          nicolae_lair_lil_pond
Abyss:3:  base: D:4, evilmike_abyss_exit_13, gammafunk_corrupted_shrine,
          small_statue_intersection, hangedman_abyss_feature_spike,
          onia_ninara_dug_in_and_dangerous, evilmike_abyss_rune_siren_acolytes

Notes
Turn   | Place    | Note
-------+----------+-------------------------------------------
     0 | D:1      | SilentButDeadly the Octopode Shapeshifter began the quest
                  | for the Orb.
     0 | D:1      | Reached XP level 1. HP: 13/13 MP: 1/1
   201 | D:1      | Reached skill level 2 in Fighting
   201 | D:1      | Reached XP level 2. HP: 19/19 MP: 2/2
   438 | D:1      | Reached XP level 3. HP: 20/25 MP: 3/3
   588 | D:2      | Found a faded altar of an unknown god.
   595 | D:2      | Reached skill level 3 in Fighting
  1116 | D:2      | Noticed Jessica
  1119 | D:2      | Killed Jessica
  1120 | D:2      | Reached XP level 4. HP: 31/31 MP: 4/4
  1834 | D:3      | Noticed an ice beast
  1920 | D:3      | Reached XP level 5. HP: 28/37 MP: 5/5
  2028 | D:3      | Found Qopianatupt's Weapon Boutique.
  2086 | D:3      | Noticed Terence
  2090 | D:3      | Reached skill level 4 in Fighting
  2098 | D:3      | Killed Terence
  2099 | D:3      | Reached skill level 4 in Shapeshifting
  2582 | D:4      | Reached skill level 1 in Stealth
  2635 | D:4      | Reached skill level 2 in Stealth
  2717 | D:4      | Found a shimmering altar of Xom.
  2863 | D:4      | Reached XP level 6. HP: 37/43 MP: 6/6
  2912 | D:4      | Reached skill level 3 in Dodging
  2912 | D:4      | Reached skill level 3 in Stealth
  3164 | D:5      | Entered Level 5 of the Dungeon
  3256 | D:5      | Found Zin's Purification Station.
  3256 | D:5      | Found a glowing silver altar of Zin.
  3273 | D:5      | Reached XP level 7. HP: 40/49 MP: 7/7
  3396 | D:5      | Noticed Grinder
  3433 | D:5      | Reached skill level 5 in Fighting
  3738 | D:5      | Reached skill level 5 in Shapeshifting
  3848 | D:5      | Found Zupungaw's Distillery.
  3851 | D:5      | Bought a potion of curing for 33 gold pieces
  3851 | D:5      | Bought 2 potions of heal wounds for 110 gold pieces
  4165 | D:5      | HP: 5/50 [gnoll/+0 spear[a gnoll bouda] (5)]
  4166 | D:5      | HP: 1/50 [gnoll/+0 spear[a gnoll bouda] (5)]
  4170 | D:5      | Reached skill level 6 in Shapeshifting
  4297 | D:5      | Paralysed by Grinder for 2 turns
  4307 | D:5      | Paralysed by Grinder for 3 turns
  4311 | D:5      | Killed Grinder
  4312 | D:5      | Reached skill level 7 in Shapeshifting
  4312 | D:5      | Reached XP level 8. HP: 31/55 MP: 8/8
  4581 | D:5      | Learned a level 3 spell: Fugue of the Fallen
  4913 | D:6      | Reached skill level 1 in Necromancy
  5306 | D:6      | Found a staircase to the Ecumenical Temple.
  5325 | D:6      | Reached skill level 2 in Necromancy
  5333 | D:6      | Reached skill level 4 in Unarmed Combat
  5565 | D:6      | Reached skill level 6 in Fighting
  5565 | D:6      | Reached skill level 1 in Spellcasting
  5865 | D:6      | Reached skill level 5 in Unarmed Combat
  5865 | D:6      | Reached skill level 3 in Necromancy
  5865 | D:6      | Reached XP level 9. HP: 53/62 MP: 6/10
  6157 | D:7      | Found Iggac's Jewellery Shoppe.
  6497 | D:7      | Found a radiant altar of Vehumet.
  6562 | D:7      | Found a glowing golden altar of the Shining One.
  6577 | D:7      | Reached skill level 4 in Dodging
  6772 | D:7      | Reached skill level 6 in Unarmed Combat
  6838 | D:7      | Reached skill level 7 in Fighting
  7524 | D:8      | Reached skill level 5 in Dodging
  7543 | D:8      | Reached skill level 7 in Unarmed Combat
  7549 | D:8      | Reached XP level 10. HP: 42/71 MP: 8/11
  7557 | D:8      | Reached skill level 8 in Shapeshifting
  7669 | D:8      | Found a flagged portal.
  7674 | Bailey   | Entered a bailey
  7736 | Bailey   | Noticed a two-headed ogre
  7817 | Bailey   | Reached skill level 9 in Shapeshifting
  7942 | Bailey   | Killed a two-headed ogre
  7943 | Bailey   | Reached skill level 10 in Shapeshifting
  8142 | D:8      | Noticed Psyche
  8148 | D:8      | Killed Psyche
  8266 | D:8      | Reached skill level 6 in Dodging
  8458 | D:8      | Reached skill level 8 in Fighting
  8636 | D:9      | Noticed a two-headed ogre
  9015 | D:9      | Reached XP level 11. HP: 77/77 MP: 8/12
  9266 | D:9      | Noticed a two-headed ogre
  9275 | D:9      | Killed a two-headed ogre
  9276 | D:9      | Reached skill level 9 in Fighting
  9276 | D:9      | Reached skill level 8 in Unarmed Combat
  9420 | D:9      | Noticed a two-headed ogre
  9452 | D:9      | Killed a two-headed ogre
  9453 | D:9      | Reached skill level 1 in Evocations
  9586 | D:9      | Found a hazy altar of Hepliaklqana.
  9630 | D:9      | Killed a two-headed ogre
  9631 | D:9      | Reached skill level 2 in Evocations
  9719 | D:10     | Entered Level 10 of the Dungeon
  9753 | D:10     | Reached skill level 3 in Evocations
  9794 | D:10     | Got the Compilation of Grisly Oromancy
  9844 | D:10     | Noticed a two-headed ogre
  9852 | D:10     | Killed a two-headed ogre
  9853 | D:10     | Reached skill level 9 in Unarmed Combat
  9927 | D:10     | Noticed a two-headed ogre
  9933 | D:10     | Killed a two-headed ogre
  9934 | D:10     | Reached skill level 10 in Fighting
 10109 | Temple   | Entered the Ecumenical Temple
 10121 | Temple   | Became a worshipper of Gozag Ym Sagoz the Greedy
 10310 | D:10     | Reached skill level 10 in Unarmed Combat
 10324 | D:10     | Reached XP level 12. HP: 60/87 MP: 13/13
 10379 | D:10     | Found a staircase to the Lair.
 10421 | D:10     | Found a sacrificial altar of Ru.
 10604 | Lair:1   | Entered Level 1 of the Lair of Beasts
 10858 | D:7      | Bought a +4 ring of protection for 468 gold pieces
 11070 | Lair:1   | Reached skill level 11 in Shapeshifting
 11507 | Lair:1   | Reached skill level 7 in Dodging
 11703 | Lair:1   | Noticed a five-headed hydra
 11718 | Lair:1   | Killed a five-headed hydra
 12055 | Lair:2   | Reached skill level 11 in Fighting
 12060 | Lair:2   | Reached skill level 11 in Unarmed Combat
 12071 | Lair:2   | Reached skill level 8 in Dodging
 12353 | Lair:2   | Reached skill level 9 in Dodging
 12436 | Lair:2   | Reached XP level 13. HP: 93/95 MP: 10/14
 12485 | Lair:2   | Reached skill level 10 in Dodging
 12765 | Lair:2   | Found a staircase to the Swamp.
 13093 | Lair:3   | Reached skill level 4 in Necromancy
 13170 | Lair:3   | You fall into a shaft and drop 2 floors!
 13170 | Lair:5   | Entered Level 5 of the Lair of Beasts
 13195 | Lair:5   | Found a viscous altar of Jiyva.
 13195 | Lair:5   | Found a staircase to the Slime Pits.
 13558 | Lair:4   | Reached skill level 5 in Necromancy
 13763 | Lair:3   | Found a hole to the Spider Nest.
 15123 | Lair:4   | Reached skill level 12 in Fighting
 15123 | Lair:4   | Reached skill level 12 in Unarmed Combat
 15193 | Lair:4   | Reached skill level 12 in Shapeshifting
 15541 | Lair:4   | Reached skill level 4 in Evocations
 15674 | Lair:4   | Reached XP level 14. HP: 103/103 MP: 15/15
 15885 | Lair:5   | Reached skill level 5 in Evocations
 15964 | Lair:5   | Reached skill level 4 in Stealth
 16401 | Lair:5   | Reached skill level 13 in Fighting
 16656 | Lair:5   | Identified the ring "Jootz" {rC+ rN+ SInv}
 17046 | Lair:5   | Reached skill level 13 in Unarmed Combat
 17505 | D:11     | Found a staircase to the Orcish Mines.
 18291 | D:12     | Found a frozen archway.
 18336 | IceCv    | Entered an ice cave
 18632 | IceCv    | Reached skill level 13 in Shapeshifting
 19057 | IceCv    | Reached XP level 15. HP: 111/111 MP: 13/16
 19079 | IceCv    | Identified a +1 leather armour of resistance
 19098 | IceCv    | Noticed a frost giant
 19135 | IceCv    | Killed a frost giant
 19283 | IceCv    | Got the Almanac of Plutonic Peregrination
 19918 | D:12     | Reached skill level 14 in Fighting
 19918 | D:12     | Reached skill level 14 in Unarmed Combat
 19936 | D:12     | Learned a level 5 spell: Borgnjor's Vile Clutch
 20356 | D:13     | Reached skill level 1 in Earth Magic
 20476 | D:13     | Reached skill level 2 in Earth Magic
 20827 | D:13     | Reached skill level 6 in Evocations
 20834 | D:13     | Reached skill level 3 in Earth Magic
 21987 | D:13     | Reached skill level 4 in Earth Magic
 22204 | D:13     | Reached skill level 5 in Earth Magic
 22476 | D:13     | Found a gate to the Vaults.
 22692 | D:14     | Noticed Lodul
 22766 | D:14     | Reached skill level 6 in Necromancy
 22832 | D:14     | Killed Lodul
 22974 | D:14     | Reached skill level 2 in Spellcasting
 23179 | D:14     | Found a transporter.
 23179 | D:14     | Found a transporter.
 23181 | D:14     | Found a transporter.
 23252 | D:14     | Found a transporter.
 23490 | D:15     | Entered Level 15 of the Dungeon
 23544 | D:15     | Reached skill level 3 in Spellcasting
 23544 | D:15     | Reached skill level 6 in Earth Magic
 23865 | D:15     | HP: 11/135 [brown ugly thing (10)]
 23865 | D:15     | HP: 3/135 [acid (8)]
 23870 | D:15     | Reached skill level 7 in Necromancy
 24130 | D:15     | Noticed Louise
 24132 | D:15     | You are cast into the Abyss!
 24132 | Abyss:3  | Cast into level 3 of the Abyss (Louise)
 24153 | Abyss:3  | Noticed a bone dragon
 24174 | Abyss:3  | HP: 13/135 [bone dragon (20)]
 24178 | Abyss:3  | Slain by a bone dragon

Vanquished Creatures
  A frost giant (IceCv)
  9 hydras
  9 two-headed ogres
  An ogre mage (D:13)
  A merfolk avatar (Lair:5)
  5 boulder beetles
  3 centaur warriors
  4 death yaks (IceCv)
  A skyshark (Lair:5)
  Lodul (D:14)
  2 sea snakes (Lair:5)
  A skeletal warrior (D:13)
  A deep elf archer (D:13)
  4 deep elf pyromancers
  A deep elf zephyrmancer (D:13)
  11 ugly things
  3 cyclopes
  An oklob plant (Lair:5)
  10 elephants
  5 manticores
  An ice statue (IceCv)
  6 black mambas
  2 gargoyles
  A torpor snail (Lair:5)
  4 centaur skeletons (D:13)
  11 cane toads
  A freezing wraith (D:14)
  7 rime drakes
  13 komodo dragons
  Psyche (D:8)
  A troll (D:13)
  A polar bear (shapeshifter) (D:13)
  Grinder (D:5)
  17 polar bears
  A tyrant leech (Lair:2)
  2 hornets
  5 dream sheep (Lair:4)
  A snapping turtle (Lair:5)
  11 blink frogs
  3 spriggans (Bailey)
  8 slime creatures
  7 wyverns
  5 basilisks
  A wraith (D:11)
  76 yaks
  3 redbacks (Lair:3)
  3 steam dragons
  6 vampire mosquitoes
  2 swamp worms (Lair:2)
  4 acid dragons
  17 water moccasins
  8 orc warriors
  4 laughing skulls
  An ice beast (D:3)
  15 ogres
  A boggart (D:13)
  15 centaurs
  35 wolves
  6 phantoms
  A bullfrog (shapeshifter) (D:15)
  7 kobold brigands
  11 bullfrogs
  3 two-headed ogre simulacra (D:12)
  5 scorpions
  A water moccasin zombie (D:6)
  9 killer bees (D:9)
  6 howler monkeys
  3 bombardier beetles
  A centaur zombie (D:6)
  3 bullfrog zombies (D:6)
  3 gnoll boudas
  A jelly (D:8)
  A bullfrog skeleton (D:6)
  2 hounds
  11 orc priests
  A sleepcap (D:4)
  Jessica (D:2)
  Terence (D:3)
  2 iguanas
  5 orc wizards
  3 troll simulacra (D:12)
  2 spriggan simulacra (D:12)
  23 gnolls
  6 adders
  3 shadow imps
  A white imp (D:5)
  2 dart slugs
  3 ribbon worms
  38 orcs
  10 ball pythons
  3 bats
  3 endoplasms (D:1)
  5 giant cockroaches
  11 goblins
  5 hobgoblins
  7 jackals
  7 frilled lizards
  22 kobolds
  5 rats
  A spectral goblin (D:9)
619 creatures vanquished.

Vanquished Creatures (others)
  A kobold (D:7)
1 creature vanquished.

Grand Total: 620 creatures vanquished

Table legend: (Time is in decaauts)
 A = Elapsed time spent in this place.
 B = Non-inter-level travel time spent in this place.
 C = Inter-level travel time spent in this place.
 D = Time resting spent in this place.
 E = Time spent auto-exploring this place.
 F = Levels seen in this place.
 G = Mean time per level.
                   A        B        C        D        E       F      G
               +--------+--------+--------+--------+--------+-----+--------+
         Total |  23823 |  22440 |   1383 |   4613 |  13508 |  24 |  992.6 |
       Dungeon |  15863 |  14701 |   1162 |   2943 |   9106 |  15 | 1057.5 |
        Temple |     23 |     12 |     11 |      0 |      0 |   1 |   23.0 |
          Lair |   6449 |   6240 |    209 |   1282 |   3794 |   5 | 1289.8 |
         Abyss |     39 |     39 |      0 |      0 |     20 |   1 |   39.0 |
        Bailey |    358 |    358 |      0 |     90 |     93 |   1 |  358.0 |
      Ice Cave |   1090 |   1090 |      0 |    298 |    495 |   1 | 1090.0 |
               +--------+--------+--------+--------+--------+-----+--------+

Top non-repeatable levels by time:
    D:13: 2297 daAuts
     D:5: 1737 daAuts
  Lair:3: 1624 daAuts
  Lair:4: 1439 daAuts
     D:6: 1376 daAuts
  Lair:5: 1308 daAuts
     D:7: 1213 daAuts
     D:3: 1122 daAuts
   IceCv: 1090 daAuts
  Lair:1: 1065 daAuts
  Lair:2: 1010 daAuts
     D:8: 1009 daAuts
     D:9: 976 daAuts
     D:2: 928 daAuts
    D:14: 869 daAuts

Table legend:
 A = Non-vault XP
 B = Vault XP
 C = Vault XP percentage of total XP
 D = Non-vault monster count
 E = Vault monster count
 F = Vault count percentage of total count
                 A         B        C        D         E       F
            +---------+---------+-------+---------+---------+-------
      Total |   81136 |   42171 |  34.2 |     425 |     194 |  31.3
            +---------+---------+-------+---------+---------+-------
        D:1 |      37 |       0 |   0.0 |      22 |       0 |   0.0
        D:2 |      53 |      37 |  41.1 |      21 |       1 |   4.5
        D:3 |     176 |      36 |  17.0 |      16 |       1 |   5.9
        D:4 |     303 |       0 |   0.0 |      13 |       0 |   0.0
        D:5 |     492 |     385 |  43.9 |      21 |       2 |   8.7
        D:6 |     469 |     877 |  65.2 |      14 |      16 |  53.3
        D:7 |    1068 |       0 |   0.0 |      34 |       0 |   0.0
        D:8 |    2307 |     354 |  13.3 |      26 |       5 |  16.1
        D:9 |    4913 |       3 |   0.1 |      29 |       2 |   6.5
       D:10 |    2990 |    1981 |  39.9 |      13 |      11 |  45.8
       D:11 |    4226 |     840 |  16.6 |      13 |      24 |  64.9
       D:12 |    4066 |     405 |   9.1 |      11 |       8 |  42.1
       D:13 |    7290 |    6596 |  47.5 |      21 |      19 |  47.5
       D:14 |    6040 |    1597 |  20.9 |      16 |       8 |  33.3
       D:15 |    6926 |       0 |   0.0 |      15 |       0 |   0.0
     Lair:1 |    7368 |       0 |   0.0 |      29 |       0 |   0.0
     Lair:2 |    7832 |    1876 |  19.3 |      31 |       6 |  16.2
     Lair:3 |    7866 |     556 |   6.6 |      29 |       3 |   9.4
     Lair:4 |    7971 |    1206 |  13.1 |      22 |       4 |  15.4
     Lair:5 |    8743 |    9354 |  51.7 |      29 |      23 |  44.2
     Bailey |       0 |    2061 | 100.0 |       0 |       8 | 100.0
      IceCv |       0 |   14007 | 100.0 |       0 |      53 | 100.0
            +---------+---------+-------+---------+---------+-------
